 Dungeon Crawl Stone Soup version 0.30-a0-859-gf88a04b62d (webtiles) character file.

Game seed: 12804138135596529355

548 Newt the Skirmisher (level 7, -4/40 (44) HPs)
             Began as a Kobold Hunter on Mar 6, 2023.
             Slain by a wight
             ... wielding a +5 long sword of freezing
              (12 damage)
             ... on level 4 of the Dungeon.
             The game lasted 00:03:25 (3921 turns).

Newt the Skirmisher (Kobold Hunter)                 Turns: 3921, Time: 00:03:25

HP:   -4/40 (44)    AC:  3    Str:  8    XL:     7   Next: 54%
MP:   7/7           EV: 14    Int: 11    God:
Gold: 165           SH:  0    Dex: 20    Spells: 6/6 levels left

rFire   . . .      SeeInvis .    a - +0 shortbow
rCold   . . .      Faith    .    (shield currently unavailable)
rNeg    . . .      Spirit   .    c - +0 leather armour
rPois   +          Reflect  .    (no helmet)
rElec   .          Rampage  .    (no cloak)
rCorr   .                        (no gloves)
Will    .....                    (no boots)
Stlth   +++                      (no amulet)
HPRegen 0.26/turn                f - ring of poison resistance
MPRegen 0.10/turn                (no ring)

@: drained
A: small, no large weapons, nightstalker 3
a: no special abilities


You were on level 4 of the Dungeon.
You visited 1 branch of the dungeon, and saw 4 of its levels.

You collected 165 gold pieces.

Inventory:

Hand Weapons
 a - a +0 shortbow (weapon)
Missiles
 j - 5 poisoned darts
Armour
 c - a +0 leather armour (worn)
Jewellery
 f - a ring of poison resistance (left hand)
Scrolls
 b - a scroll of immolation
 h - a scroll of magic mapping
Potions
 d - a potion of haste {unknown}
 i - 2 potions of curing {unknown}
 k - a potion of flight


   Skills:
 - Level 5.0 Fighting
 + Level 9.8 Ranged Weapons
 - Level 2.4 Dodging
 - Level 1.3 Stealth


You had 6 spell levels left.
You didn't know any spells.
Your spell library was empty.

Dungeon Overview and Level Annotations

Branches:
Dungeon (4/15)
 Temple: D:4-7

Altars:

Shops:
D:1 [


Innate Abilities, Weirdness & Mutations

You are small and have problems with some larger weapons.
You are completely attuned to the shadows.


Message History

You destroy the wight!
You start resting.
HP restored.
You start waiting.
Done waiting.
Items here: )) [[.
There is an open door here.
There is an open door, spattered with blood here.
There is an open door here.
Things that are here:
a +4 falchion of freezing; a +0 robe A wight comes into view.
It is wielding a +5 long sword of freezing.
A wight is nearby!
You shoot an arrow. The arrow hits the wight.
The wight is lightly damaged.
A wight comes into view.
It is wielding a +4 dire flail of freezing.
You shoot an arrow. The arrow closely misses the wight.
The arrow hits the wight but does no damage.
You shoot an arrow. The arrow hits the wight.
The wight is lightly damaged.
The wight barely misses you. The wight misses you.
The wight attacks as you move away!
The wight hits you with a +4 dire flail of freezing!
You feel drained. The wight freezes you. The wight attacks as you move away!
The wight hits you with a +5 long sword of freezing!
* * * LOW HITPOINT WARNING * * *
You feel drained.
* * * LOW HITPOINT WARNING * * *
The wight freezes you.
* * * LOW HITPOINT WARNING * * *
Things that are here:
a +4 falchion of freezing; a +0 robe
There is an open door here.
There is an open door, spattered with blood here.
There is an open door here.
Items here: )) [[.
The wight attacks as you move away!
The wight hits you with a +5 long sword of freezing!
You die...

############
#.....#.....
+.....#.....
#....@z..รท.. .
##.####'##### .#
###.####.z##.###..#
#...#.....').......
#...#.....#........ ..
#...#.....#........
..[##)#############.##
...##.## +# ....)..#


You could see 2 wights.

Vanquished Creatures
  Sigmund (D:3)
  3 wights (D:4)
  An orc priest (D:2)
  5 adders
  8 gnolls (D:3)
  A white imp (D:4)
  3 dart slugs
  5 orcs
  2 bats
  6 endoplasms
  2 giant cockroaches (D:2)
  7 goblins
  2 hobgoblins
  6 jackals
  5 quokkas
  9 ball pythons
  5 frilled lizards
  4 kobolds
  5 rats
80 creatures vanquished.

Vanquished Creatures (collateral kills)
  2 jackals (D:3)
2 creatures vanquished.

Grand Total: 82 creatures vanquished

Notes
Turn   | Place    | Note
-------+----------+-------------------------------------------
     0 | D:1      | Newt the Kobold Hunter began the quest for the Orb.
     0 | D:1      | Reached XP level 1. HP: 12/12 MP: 1/1
   135 | D:1      | Reached XP level 2. HP: 18/18 MP: 2/2
   186 | D:1      | Found Nuepnu Nuamm's Antique Armour Shoppe.
   472 | D:1      | Reached XP level 3. HP: 18/23 MP: 3/3
  1260 | D:2      | Reached XP level 4. HP: 30/30 MP: 4/4
  1390 | D:2      | Reached skill level 5 in Fighting
  1451 | D:2      | Reached XP level 5. HP: 26/35 MP: 5/5
  1960 | D:3      | Reached skill level 6 in Ranged Weapons
  2013 | D:3      | Noticed Sigmund
  2675 | D:3      | Killed Sigmund
  2676 | D:3      | Reached skill level 8 in Ranged Weapons
  2676 | D:3      | Reached XP level 6. HP: 27/40 MP: 6/6
  2955 | D:3      | Found a faded altar of an unknown god.
  2991 | D:3      | Reached XP level 7. HP: 17/44 MP: 7/7
  3691 | D:4      | Reached skill level 9 in Ranged Weapons
  3921 | D:4      | Slain by a wight

Illustrated notes

Levels and vault maps discovered:
D:1:      ebering_hopf_link, layout_basic, serial_shops, shop
D:2:      cheibrodos_pilgrimage, layout_loops_ring, grunt_decor_mini_mirrors,
          kennysheep_minor_cross, minmay_pentomino_q4
D:3:      layout_loops_ring, basic_ecumenical_altar, uniq_sigmund
D:4:      layout_gridville, minmay_temple_entry_large_hall, roderic_malta_cross,
          uniq_ijyb

Skill      XL: |  1  2  3  4  5  6  7 |
---------------+----------------------+-----
Fighting       | 3 4 5 |  5.0
Ranged Weapons | 8 9 |  9.8
Dodging        | |  2.4
Stealth        | |  1.3

Action                     |  1- 3 |  4- 6 |  7- 9 || total
---------------------------+-------+-------+-------++-------
   Fire: Shortbow          |    69 |   101 |    37 ||   207
  Throw: Dart              |       |     3 |       ||     3
    Use: Scroll            |       |     4 |     2 ||     6
 Armour: Leather armour    |     2 |     9 |       ||    11
  Dodge: Dodged            |    16 |    55 |    11 ||    82

Table legend: (Time is in decaauts)
 A = Elapsed time spent in this place.
 B = Non-inter-level travel time spent in this place.
 C = Inter-level travel time spent in this place.
 D = Time resting spent in this place.
 E = Time spent auto-exploring this place.
 F = Levels seen in this place.
 G = Mean time per level.
                   A        B        C        D        E       F      G
               +--------+--------+--------+--------+--------+-----+--------+
         Total |   3967 |   3918 |     49 |   1132 |   2363 |   4 |  991.8 |
       Dungeon |   3967 |   3918 |     49 |   1132 |   2363 |   4 |  991.8 |
               +--------+--------+--------+--------+--------+-----+--------+

Top non-repeatable levels by time:
     D:2: 1152 daAuts
     D:3: 1124 daAuts
     D:1: 1123 daAuts
     D:4: 566 daAuts
